 Dungeon Crawl Stone Soup version 0.28.0-45-g0d030f2227 (console) character file.

Game seed: 3269186799297909028

23 Cab the Skirmisher (level 2, 0/24 HPs)
             Began as a Demonspawn Fighter on Apr 20, 2022.
             Slain by Terence
             ... wielding a +0 flail
              (4 damage)
             ... on level 2 of the Dungeon.
             The game lasted 00:02:39 (1369 turns).

Cab the Skirmisher (Demonspawn Fighter)             Turns: 1369, Time: 00:02:40

Health: 0/24       AC:  6    Str: 16    XL:     2   Next: 72%
Magic:  2/2        EV:  8    Int:  9    God:
Gold:   17         SH:  4    Dex: 12    Spells: 1/1 levels left

rFire   . . .      SeeInvis +   a - +0 war axe
rCold   . . .      Faith    .   c - +0 buckler
rNeg    . . .      Spirit   .   b - +0 scale mail
rPois   .          Reflect  .   (no helmet)
rElec   .          Harm     .   (no cloak)
rCorr   .          Rampage  .   (no gloves)
Will    .....                   (no boots)
Stlth   ..........              (no amulet)
HPRegen 0.08/turn               g - ring of see invisible
MPRegen 0.08/turn               (no ring)

@: no status effects
A: weakness stinger 1
a: no special abilities


You were on level 2 of the Dungeon.
You visited 1 branch of the dungeon, and saw 2 of its levels.

You collected 17 gold pieces.

Inventory:

Hand Weapons
 a - a +0 war axe (weapon)
Armour
 b - a +0 scale mail (worn)
 c - a +0 buckler (worn)
Jewellery
 g - a ring of see invisible (left hand)
Scrolls
 e - a scroll of identify {unknown}
 h - a scroll of enchant weapon {unknown}
 i - a scroll of fog {unknown}
Potions
 d - a potion of might
 f - a potion of magic {unknown}


   Skills:
 - Level 3.1 Fighting
 + Level 2.5 Axes
 - Level 2.7 Armour
 - Level 2.9 Shields


You had one spell level left.
You didn't know any spells.
Your spell library contained the following spells:

 Spells                   Type           Power      Damage    Failure   Level
 Foxfire                  Conj/Fire      0%         2x1d4     88%         1
 Conjure Flame            Conj/Fire      0%         6-21      99%         3
 Inner Flame              Hex/Fire       0%         N/A       99%         3
 Flame Wave               Conj/Fire      0%         2d4       100%        4


Dungeon Overview and Level Annotations

Branches:
Dungeon (2/15)

Altars:

Annotations:
D:2 Terence


Innate Abilities, Weirdness & Mutations

You have a small tail.


Message History

HP restored.
Found a stone staircase leading down.
i - a scroll labelled WUON BAECOSTIWK
There is a stone staircase leading down here.
There is a stone staircase leading down here.
You open the door.
There is an open door here.
There is an open door here.
You open the door.
There is an open door here.
You open the door.
Terence the Incautious comes into view.
He is wielding a +0 flail.
Terence shouts!
A rat comes into view.
There is an open door here.
You barely miss Terence. Terence barely misses you.
Terence hits you with a +0 flail.
You hit Terence but do no damage.
Your tail-slap misses Terence.
Terence hits you with a +0 flail.
You hit Terence.
You tail-slap Terence, but do no damage.
Terence is lightly wounded.
Terence hits you with a +0 flail.
You barely miss Terence. You tail-slap Terence.
Terence is moderately wounded.
Terence barely misses you. x2
You closely miss Terence.
Terence is moderately wounded.
You hit the rat.
You kill the rat!
Terence barely misses you.
You barely miss Terence.
Terence is moderately wounded.
Terence hits you with a +0 flail. x2
* * * LOW HITPOINT WARNING * * *
You closely miss Terence.
Terence is moderately wounded.
Terence says, "Rest in peace."
Terence hits you with a +0 flail.
You die... ∙▒ ▒▒▒ ▒∙▒ ▒∙▒ ▒▒▒▒▒ ▒∙▒▒▒▒ ∙∙∙∙▒▒▒ ▒∙∙∙∙▒ ▒▒▒▒▒▒ ∙∙∙∙∙∙∙ ▒∙∙∙∙▒ ▒∙∙∙∙▒ ∙∙∙∙∙∙∙ ▒∙▒▒∙▒▒▒▒▒∙∙∙∙▒▒▒▒%∙∙∙∙∙∙ ∙∙∙∙∙∙∙∙∙∙∙∙∙∙'∙@@∙∙∙∙∙∙∙ ∙∙∙∙∙▒▒▒▒▒∙∙∙∙▒▒▒▒∙∙∙∙∙∙∙ ∙∙▒▒∙▒ ▒∙∙∙∙▒ ∙∙∙∙∙∙∙ ∙∙∙∙∙▒▒▒▒▒▒▒▒▒▒ ∙∙∙∙∙∙∙

∙∙▒▒▒∙∙∙∙∙∙∙▒▒
▒▒■▒▒▒▒ ∙▒▒
▒∙∙∙∙∙∙∙∙▒
∙▒▒▒▒∙∙∙∙▒▒▒'▒▒
<∙∙∙'∙∙∙∙▒♣∙∙∙♣
▒▒▒▒▒∙∙∙∙▒♣∙∙∙♣▒


You could see Terence.

Vanquished Creatures
  A worm (D:2)
  3 bats (D:1)
  2 endoplasms (D:1)
  2 giant cockroaches (D:1)
  A goblin (D:2)
  A hobgoblin (D:1)
  A quokka (D:1)
  3 ball pythons (D:1)
  A frilled lizard (D:1)
  2 kobolds (D:1)
  2 rats
19 creatures vanquished.

Notes
Turn   | Place    | Note
-------+----------+-------------------------------------------
     0 | D:1      | Cab the Demonspawn Fighter began the quest for the Orb.
     0 | D:1      | Reached XP level 1. HP: 18/18 MP: 1/1
   424 | D:1      | Gained mutation: You have a small tail. [demonic ancestry]
   424 | D:1      | Reached XP level 2. HP: 24/24 MP: 2/2
  1360 | D:2      | Noticed Terence
  1369 | D:2      | Slain by Terence

Illustrated notes

Levels and vault maps discovered:
D:1:      dpeg_arrival_water_fire, layout_loops_ring, minmay_crystal_water,
          minmay_pentomino_x2
D:2:      layout_basic, chequers_arboretum, uniq_terence

Skill      XL: |  1 |
---------------+----+-----
Axes           | 2 |  2.5
Fighting       | |  3.1
Armour         | |  2.7
Shields        | |  2.9

Action                   || total
-------------------------++-------
Melee: War axe           ||    51
       Tailslap          ||     5
Armor: Scale mail        ||    26
Dodge: Dodged            ||    31
Block: Buckler           ||    14
